 Dungeon Crawl Stone Soup version 0.27-a0-1189-gb8eb6cee8e (webtiles) character file.

Game seed: 791699019147368036

60 quinnr the Gusty (level 4, -1/25 HPs)
             Began as a Tengu Air Elementalist on May 22, 2021.
             Killed by nerve-wracking pain
             ... invoked by Grinder
              (6 damage)
             ... on level 3 of the Dungeon.
             The game lasted 00:08:46 (2598 turns).

quinnr the Gusty (Tengu Air Elementalist)           Turns: 2598, Time: 00:08:48

Health: -1/25      AC:  2    Str:  9    XL:     4   Next: 6%
Magic:  1/8        EV: 27    Int: 16    God:
Gold:   89         SH:  0    Dex: 14    Spells: 2/7 levels left

rFire    . . .     SeeInvis .   (no weapon)
rCold    . . .     Faith    .   (no shield)
rNeg     + . .     Spirit   .   a - +0 robe
rPois    .         Reflect  .   (helmet restricted)
rElec    .         Harm     .   (no cloak)
rCorr    .         Rampage  .   (no gloves)
Will     .....                  (boots unavailable)
Stlth    ++........             b - amulet of the acrobat
HPRegen  0.08/turn              l - ring of positive energy
MPRegen  0.11/turn              (no ring)

@: acrobatic
A: beak, talons 3
a: no special abilities


You were on level 3 of the Dungeon.
You visited 1 branch of the dungeon, and saw 3 of its levels.

You collected 89 gold pieces.

Inventory:

Missiles
 h - 8 javelins
 m - 25 stones
 o - 9 poisoned darts (quivered)
Armour
 a - a +0 robe (worn)
Jewellery
 b - an amulet of the acrobat (around neck)
 l - a ring of positive energy (left hand)
Scrolls
 e - a scroll of magic mapping {unknown}
 g - 3 scrolls of teleportation {unknown}
 i - a scroll of acquirement {unknown}
 j - 2 scrolls of identify {unknown}
 k - a scroll of noise {unknown}
 n - a scroll of fog {unknown}
Potions
 c - a potion of heal wounds {unknown}
 d - a potion of brilliance {unknown}
 f - a potion of haste


   Skills:
 - Level 1.0 Fighting
 + Level 2.3 Dodging
 - Level 2.0 Stealth
 + Level 2.3 Spellcasting
 - Level 4.0 Conjurations
 - Level 1.0 Summonings
 - Level 4.0 Air Magic


You had 2 spell levels left.
You knew the following spells:

 Your Spells              Type           Power      Damage    Failure   Level
a - Shock                 Conj/Air       56%        1d6       3%          1
b - Summon Small Mammal   Summ           20%        N/A       13%         1
c - Swiftness             Air            14%        N/A       12%         3

Your spell library contained the following spells:

 Spells                   Type           Power      Damage    Failure   Level
 Magic Dart               Conj           56%        1d5       3%          1
 Static Discharge         Conj/Air       14%        N/A       6%          2
 Animate Skeleton         Necr           2%         N/A       21%         1
 Apportation              Tloc           2%         N/A       21%         1
 Corona                   Hex            1%         N/A       21%         1
 Call Imp                 Summ           5%         N/A       21%         2
 Blink                    Tloc           N/A        N/A       30%         2
 Slow                     Hex            1%         N/A       30%         2
 Mephitic Cloud           Conj/Pois/Air  10%        N/A       21%         3
 Conjure Flame            Conj/Fire      8%         6-21      26%         3
 Airstrike                Air            7%         N/A       36%         4
 Lightning Bolt           Conj/Air       7%         1d19      71%         5


Dungeon Overview and Level Annotations

Branches:
Dungeon (3/15)

Altars:

Shops:
D:1 :

Annotations:
D:3 Grinder


Innate Abilities, Weirdness & Mutations

You have a beak for a mouth.
You have claws for feet.


Message History

Press: ? - help, Q - select action, (/) - cycle Shift-Dir - straight line, f/p - Grinder
Aim: Grinder (severely wounded, fast, poisoned, 53% to hit)
You throw a poisoned dart.
The poisoned dart closely misses Grinder.
Grinder looks more healthy.
Grinder gestures at you.
You barely resist.
Casting: Shock (safe; 3% risk of failure)
Confirm with . or Enter, or press ? or * to list all spells.
Aiming: Shock (safe; 3% risk of failure)
Press: ? - help, Shift-Dir - straight line, f/p - Grinder
Aim: Grinder (severely wounded, fast, 68% to hit)
The zap hits Grinder.
Grinder is severely wounded.
Grinder misses you.
Unknown command.
Grinder completely misses you.
Grinder blinks!
You start to feel a little faster.
Grinder says, "There's only one good use for a tongue: cutting it out."
Throw: 9 darts (poison)
Press: ? - help, Q - select action, (/) - cycle Shift-Dir - straight line, f/p - Grinder
Aim: Grinder (severely wounded, fast, 53% to hit)
Okay, then.
Unknown command.
Grinder gestures at you.
You suddenly lose the ability to move!
Grinder hits you!
* * * LOW HITPOINT WARNING * * *
You writhe in agony.
* * * LOW HITPOINT WARNING * * *
Grinder gestures at you.
You shrug off the repeated paralysis!
You can move again.
Unknown command.
Unknown command.
An endoplasm comes into view.
You no longer feel sluggish.
Grinder gestures at you. Pain shoots through your body!
You die...

#########
#######.......##
..<............########
#.######.#####..@......J
..............5.########
.######...####..(.......
..........####..########
.######.).....(.#
#.#..###..# #.#..##..(#
#<#..##()##
...........##(.#


You could see Grinder (fast) and an endoplasm (asleep).

Vanquished Creatures
  2 adders (D:2)
  A worm (D:2)
  An orc (D:3)
  5 bats
  3 endoplasms
  4 giant cockroaches
  4 jackals (D:2)
  5 kobolds
  5 ball pythons
  2 frilled lizards
  8 rats
40 creatures vanquished.

Notes
Turn   | Place    | Note
-------+----------+-------------------------------------------
     0 | D:1      | quinnr the Tengu Air Elementalist began the quest for the
                  | Orb.
     0 | D:1      | Reached XP level 1. HP: 10/10 MP: 4/4
   199 | D:1      | Learned a level 1 spell: Summon Small Mammal
   393 | D:1      | Found Jyhanole's Book Shoppe.
   495 | D:1      | Reached XP level 2. HP: 15/15 MP: 0/6
  1112 | D:2      | Reached skill level 1 in Summonings
  1297 | D:2      | Reached XP level 3. HP: 19/19 MP: 2/7
  1593 | D:2      | Learned a level 3 spell: Swiftness
  2343 | D:2      | Reached skill level 1 in Fighting
  2343 | D:2      | Reached XP level 4. HP: 25/25 MP: 3/8
  2570 | D:3      | Noticed Grinder
  2595 | D:3      | Paralysed by Grinder for 3 turns
  2598 | D:3      | Killed from afar by Grinder

Illustrated notes

Levels and vault maps discovered:
D:1:      erik_arrival_cave_to_civilisation [erik_arrival_cave_to_hall],
          layout_loops_ring, serial_shops, shop, minmay_domino_4
D:2:      layout_loops_corners, minivault_19
D:3:      layout_loops_ring, nicolae_overflow_hidden_temple,
          shapermc_ecumenical_altar_notcrosses, uniq_grinder, uniq_ijyb

Skill      XL: |  1  2  3 |
---------------+----------+-----
Conjurations   | 2 3 4 |  4.0
Summonings     | 1 |  1.0
Fighting       | 1 |  1.0
Dodging        | |  2.3
Stealth        | |  2.0
Spellcasting   | |  2.3
Air Magic      | |  4.0

Action                   |  1- 3 |  4- 6 || total
-------------------------+-------+-------++-------
Melee: Unarmed           |     7 |       ||     7
       Kick              |     2 |       ||     2
       Peck              |     1 |       ||     1
Throw: Dart              |       |     6 ||     6
 Cast: Shock             |    80 |    10 ||    90
       Summon Small Mamm |     8 |     1 ||     9
       Swiftness         |       |     1 ||     1
Armor: Robe              |     5 |       ||     5
Dodge: Dodged            |    13 |     7 ||    20

Table legend: (Time is in decaauts)
 A = Elapsed time spent in this place.
 B = Non-inter-level travel time spent in this place.
 C = Inter-level travel time spent in this place.
 D = Time resting spent in this place.
 E = Time spent auto-exploring this place.
 F = Levels seen in this place.
 G = Mean time per level.
                   A        B        C        D        E       F      G
               +--------+--------+--------+--------+--------+-----+--------+
         Total |   2598 |   2408 |    190 |     73 |   2066 |   3 |  866.0 |
       Dungeon |   2598 |   2408 |    190 |     73 |   2066 |   3 |  866.0 |
               +--------+--------+--------+--------+--------+-----+--------+

Top non-repeatable levels by time:
     D:2: 1355 daAuts
     D:1: 1149 daAuts
     D:3: 93 daAuts
